 Dungeon Crawl Stone Soup version 0.17.0-28-g6e173f8 (webtiles) character file.

591 PossumBlood the Covered (level 7, 51/60 HPs)
             Began as a Minotaur Fighter on Nov 24, 2015.
             Starved to death
             ... on level 4 of the Dungeon.
             The game lasted 00:12:19 (2717 turns).

PossumBlood the Covered (Minotaur Fighter)          Turns: 2717, Time: 00:12:19

Health: 51/60      AC:  7    Str: 22    XL:     7   Next: 16%
Magic:  6/6        EV: 11    Int:  5    God:
Gold:   273        SH:  0    Dex: 10    Spells: 0 memorised, 6 levels left

rFire  . . .     SeeInvis .     o - +1 scythe (vamp)
rCold  . . .     Clarity  .     b - +0 scale mail
rNeg   . . .     SustAt   .     (shield currently unavailable)
rPois  .         Gourm    .     (helmet restricted)
rElec  .         Spirit   .     (no cloak)
rCorr  .         Warding  .     (no gloves)
rMut   .         Stasis   .     (no boots)
MR     .....                    (no amulet)
Stlth  ..........               (no ring)
                                (no ring)

@: fainting, not resistant to hostile enchantments, extremely unstealthy
A: retaliatory headbutt, horns 2
a: no special abilities


You were on level 4 of the Dungeon.
You were fainting.

You visited 1 branch of the dungeon, and saw 4 of its levels.
You also visited: Sewer.

You collected 273 gold pieces.

Inventory:

Hand Weapons
 a - a +0 long sword
 f - a +2 whip of electrocution
 o - a +1 vampiric scythe (weapon)
 s - a +3 short sword
 x - a +0 blowgun
 y - a +0 short sword
Armour
 b - a +0 scale mail (worn)
 c - a +2 shield
 h - a +0 chain mail
Jewellery
 j - a +2 ring of dexterity {unknown}
Scrolls
 w - 2 scrolls of remove curse
Potions
 d - 5 potions of might
 i - 3 potions of curing {unknown}
 l - a potion of haste {unknown}
 m - a potion of lignification {unknown}
 q - a potion of poison {unknown}
 t - 3 potions of agility {unknown}
 u - a potion of brilliance {unknown}
 v - 2 potions of heal wounds {unknown}
Miscellaneous
 p - a plain deck of summoning
Comestibles
 e - 2 bread rations
 g - a beef jerky
 r - 3 fruits


   Skills:
 + Level 4.9 Fighting
 + Level 3.1 Long Blades
 + Level 1.3 Maces & Flails
 + Level 2.1 Polearms
 + Level 6.4 Armour
 + Level 3.4 Dodging
 + Level 0.8 Stealth
 + Level 5.0 Shields


You had 6 spell levels left.
You didn't know any spells.

Dungeon Overview and Level Annotations

Branches:
Dungeon (4/15)
 Temple: D:4-7

Altars:
Elyvilon
Nemelex Xobeh
Vehumet


Innate Abilities, Weirdness & Mutations

You reflexively headbutt those who attack you in melee.
You have a pair of horns on your head.


Message History

The hungry ghost misses you.
You closely miss the hungry ghost.
The hungry ghost is lightly damaged.
The hungry ghost hits you.
You feel slightly more hungry.
You barely miss the hungry ghost. Your headbutt misses the hungry ghost.
The hungry ghost is lightly damaged.
The hungry ghost hits you.
You feel slightly more hungry. The hungry ghost hits you.
You feel slightly more hungry.
You closely miss the hungry ghost.
The hungry ghost is lightly damaged.
The hungry ghost hits you.
You feel slightly more hungry. The hungry ghost hits you.
You feel slightly more hungry.
You miss the hungry ghost. You headbutt the hungry ghost.
The hungry ghost is lightly damaged.
The hungry ghost hits you.
You feel slightly more hungry. The hungry ghost hits you.
You miss the hungry ghost.
The hungry ghost is lightly damaged.
You have starved to death.
You die...

#............#......
+............##....# .
#...รท........##[...# ).
#.....##.....#......
...#########.....#......
...........#.....#....
...........#.....#
..?........'.....#
......W@..##.....#
..........########
...##.....# . ####+##


You could see a hungry ghost.

Vanquished Creatures
  Sigmund (D:3)
  2 big kobolds (Sewer)
  A scorpion (D:4)
  2 hounds (D:4)
  A killer bee zombie (D:4)
  A hound skeleton (D:4)
  3 gnolls (D:3)
  4 adders
  An ooze (Sewer)
  A worm (D:3)
  An orc (D:3)
  4 giant cockroaches
  6 hobgoblins
  22 kobolds
  2 quokkas
  5 ball pythons
  9 bats
  A giant gecko (D:1)
  2 giant newts (D:1)
  5 goblins
  6 rats
  A fungus (D:2)
81 creatures vanquished.

Notes
Turn   | Place    | Note
--------------------------------------------------------------
     0 | D:1      | PossumBlood the Minotaur Fighter began the quest for the Orb.
     0 | D:1      | Reached XP level 1. HP: 19/19 MP: 0/0
   132 | D:1      | Reached skill level 4 in Shields
   132 | D:1      | Reached XP level 2. HP: 24/27 MP: 1/1
   700 | D:2      | Reached XP level 3. HP: 18/33 MP: 2/2
  1074 | D:2      | Found a white marble altar of Elyvilon.
  1653 | D:3      | Reached XP level 4. HP: 40/40 MP: 3/3
  1676 | D:3      | Found a radiant altar of Vehumet.
  1682 | D:3      | Noticed Sigmund
  1687 | D:3      | Reached skill level 1 in Dodging
  1691 | D:3      | Found a sparkling altar of Nemelex Xobeh.
  1697 | D:3      | Killed Sigmund
  1697 | D:3      | Reached skill level 5 in Armour
  1697 | D:3      | Reached skill level 5 in Shields
  1697 | D:3      | Reached XP level 5. HP: 35/47 MP: 4/4
  2007 | D:3      | Found a glowing drain.
  2011 | Sewer    | Entered a sewer
  2037 | Sewer    | Reached XP level 6. HP: 53/53 MP: 5/5
  2058 | Sewer    | Reached skill level 1 in Maces & Flails
  2127 | Sewer    | Reached skill level 6 in Armour
  2324 | D:4      | Reached skill level 1 in Polearms
  2330 | D:4      | Reached XP level 7. HP: 43/60 MP: 6/6
  2698 | D:4      | Noticed a hungry ghost
  2717 | D:4      | Starved to death

Action                   |  1- 3 |  4- 6 |  7- 9 || total
-------------------------+-------+-------+-------++-------
Melee: Long sword        |    62 |       |       ||    62
       Whip              |    51 |    17 |       ||    68
       Scythe            |       |    82 |    26 ||   108
  Use: Scroll            |     4 |       |     3 ||     7
       Potion            |       |       |     1 ||     1
  Eat: Bread ration      |     1 |     1 |       ||     2
       Meat ration       |       |       |     1 ||     1
